TOP OF THE 1ST |
---|
Nantucket Orcas batting - Pitching for Savannah Hogs : RHP Lúcio Estrada | Pitching: RHP Lúcio Estrada | | Batting: RHB Charlie Pérez | 0-0: Called Strike 0-1: Ball 1-1: Foul Ball, location: 2F 1-2: Ball 2-2: Ball 3-2: Strikes out swinging | Batting: RHB Demetrio Inrouville | 0-0: Called Strike 0-1: Called Strike 0-2: Ball 1-2: Strikes out swinging | Batting: LHB Eugene Lee | 0-0: Ball 1-0: Called Strike 1-1: Ball 2-1: Ball 3-1: Base on Balls | Batting: RHB Fernando Álvarez | 0-0: Ball 1-0: Ball 2-0: Called Strike 2-1: Ball 3-1: Foul Ball, location: 2F 3-2: Foul Ball, location: 2F 3-2: Foul Ball, location: 2F 3-2: Strikes out looking | Top of the 1st over - 0 runs, 0 hits, 0 errors, 1 left on base; Nantucket 0 - Savannah 0 | BOTTOM OF THE 1ST |
---|
Savannah Hogs batting - Pitching for Nantucket Orcas : RHP Culley Booth | Pitching: RHP Culley Booth | | Batting: RHB Guillermo González | 0-0: Foul Ball, location: 2F 0-1: Ball 1-1: Foul Ball, location: 2F 1-2: Foul Ball, location: 2F 1-2: Ball 2-2: Ground out 4-3 (Groundball, 4) | Batting: SHB Juan Chávez | 0-0: Called Strike 0-1: Ball 1-1: Ground out 4-3 (Groundball, 4M) | Batting: LHB Marv Gardner | 0-0: Foul Ball, location: 2F 0-1: Ball 1-1: Ball 2-1: Called Strike 2-2: SINGLE (Groundball, 4D) | Batting: LHB António Gutiérrez | 0-0: Ball 1-0: Swinging Strike 1-1: Foul Ball, location: 2F 1-2: SINGLE (Groundball, 34D) Marv Gardner to second Runner from 2nd tries for 3rd, OUT! | Bottom of the 1st over - 0 runs, 2 hits, 0 errors, 1 left on base; Nantucket 0 - Savannah 0 | TOP OF THE 2ND |
---|
Nantucket Orcas batting - Pitching for Savannah Hogs : RHP Lúcio Estrada | Batting: RHB Matt Dundee | 0-0: Foul Ball, location: 2F 0-1: Ball 1-1: Ball 2-1: Swinging Strike 2-2: Ball 3-2: Foul Ball, location: 2F 3-2: Strikes out swinging | Batting: LHB Alfonso Vélez | 0-0: Called Strike 0-1: Foul Ball, location: 2F 0-2: SINGLE (Flyball, 4MD) | Batting: SHB Dan Dunn | 0-0: Called Strike 0-1: Ball 1-1: SINGLE (Groundball, 34D) Alfonso Vélez to second Runner from 2nd tries for 3rd, SAFE, throw made to third | Batting: RHB Scotty Hicks | 0-0: Ball 1-0: Foul Ball, location: 2F 1-1: SINGLE (Groundball, 56D) Alfonso Vélez scores Dan Dunn to second | Batting: RHB Luis Cruz | 0-0: Ball 1-0: Foul Ball, location: 2F 1-1: Ball 2-1: Foul Ball, location: 2F 2-2: Strikes out swinging | Batting: RHB Charlie Pérez | 0-0: Ball 1-0: Ball 2-0: Foul Ball, location: 2F 2-1: Called Strike 2-2: Ball 3-2: Ground out 6-3 (Groundball, 6) | Top of the 2nd over - 1 run, 3 hits, 0 errors, 2 left on base; Nantucket 1 - Savannah 0 | BOTTOM OF THE 2ND |
---|
Savannah Hogs batting - Pitching for Nantucket Orcas : RHP Culley Booth | Batting: RHB Miguel Cervantes | 0-0: Swinging Strike 0-1: Ball 1-1: Called Strike 1-2: Ball 2-2: Strikes out looking | Batting: RHB Pedro Sandoval | 0-0: Swinging Strike 0-1: Hit by Pitch | Batting: LHB Felipe Franco | 0-0: Ball 1-0: Ball 2-0: Ball 3-0: Called Strike 3-1: Called Strike 3-2: DOUBLE (Flyball, 8LD) Pedro Sandoval to third Runner from 3rd tries for Home, SAFE, no throw | Batting: RHB Rick Holman | 0-0: Swinging Strike 0-1: Swinging Strike 0-2: Ball 1-2: Strikes out swinging | Batting: RHB Júlio Contreras | 0-0: Ball 1-0: Ball 2-0: Swinging Strike 2-1: Fly out, F7 (Flyball, 78S) | Bottom of the 2nd over - 1 run, 1 hit, 0 errors, 1 left on base; Nantucket 1 - Savannah 1 | TOP OF THE 3RD |
---|
Nantucket Orcas batting - Pitching for Savannah Hogs : RHP Lúcio Estrada | Batting: RHB Demetrio Inrouville | 0-0: Foul Ball, location: 2F 0-1: Ball 1-1: DOUBLE (Flyball, 8RXD) | Batting: LHB Eugene Lee | 0-0: Called Strike 0-1: Ground out 1-3 (Groundball, 15) | Batting: RHB Fernando Álvarez | 0-0: SINGLE (Groundball, 4MD) Demetrio Inrouville to third Runner from 3rd tries for Home, SAFE, no throw | Batting: RHB Matt Dundee | 0-0: Ball 1-0: Ball 2-0: Called Strike 2-1: Foul Ball, location: 2F 2-2: Grounds into double play, 4-6-3 (Groundball, 4) | Top of the 3rd over - 1 run, 2 hits, 0 errors, 0 left on base; Nantucket 2 - Savannah 1 | BOTTOM OF THE 3RD |
---|
Savannah Hogs batting - Pitching for Nantucket Orcas : RHP Culley Booth | Batting: RHB Guillermo González | 0-0: Called Strike 0-1: Ball 1-1: Ball 2-1: Swinging Strike 2-2: Strikes out looking | Batting: SHB Juan Chávez | 0-0: Ball 1-0: Ground out 3-1 (Groundball, 3S) | Batting: LHB Marv Gardner | 0-0: Swinging Strike 0-1: Ball 1-1: Ball 2-1: Called Strike 2-2: Strikes out swinging | Bottom of the 3rd over - 0 runs, 0 hits, 0 errors, 0 left on base; Nantucket 2 - Savannah 1 | TOP OF THE 4TH |
---|
Nantucket Orcas batting - Pitching for Savannah Hogs : RHP Lúcio Estrada | Batting: LHB Alfonso Vélez | 0-0: Called Strike 0-1: Called Strike 0-2: SINGLE (Line Drive, 6MD) | Batting: SHB Dan Dunn | 0-0: Ball Alfonso Vélez is caught stealing 2nd base 1-0: Foul Ball, location: 2F 1-1: Ball 2-1: Ground out 4-3 (Groundball, 34) | Batting: RHB Scotty Hicks | 0-0: SINGLE (Groundball, 6MD) | Batting: RHB Luis Cruz | 0-0: Fielders Choice at 2nd, 6-4 (Groundball, 6) | Top of the 4th over - 0 runs, 2 hits, 0 errors, 1 left on base; Nantucket 2 - Savannah 1 | BOTTOM OF THE 4TH |
---|
Savannah Hogs batting - Pitching for Nantucket Orcas : RHP Culley Booth | Batting: LHB António Gutiérrez | 0-0: Called Strike 0-1: Foul Ball, location: 2F 0-2: Ball 1-2: Ball 2-2: Strikes out looking | Batting: RHB Miguel Cervantes | 0-0: Ball 1-0: Ball 2-0: Ball 3-0: Base on Balls | Batting: RHB Pedro Sandoval | 0-0: Foul Ball, location: 2F 0-1: Foul Ball, location: 2F 0-2: Grounds into double play, 5-4-3 (Groundball, 56) | Bottom of the 4th over - 0 runs, 0 hits, 0 errors, 0 left on base; Nantucket 2 - Savannah 1 | TOP OF THE 5TH |
---|
Nantucket Orcas batting - Pitching for Savannah Hogs : RHP Lúcio Estrada | Batting: RHB Charlie Pérez | 0-0: Swinging Strike 0-1: Ball 1-1: Ball 2-1: Fly out, F8 (Flyball, 8LD) | Batting: RHB Demetrio Inrouville | 0-0: Foul Ball, location: 2F 0-1: Foul Ball, location: 2F 0-2: Ball 1-2: Strikes out looking | Batting: LHB Eugene Lee | 0-0: Called Strike 0-1: Foul Ball, location: 2F 0-2: Strikes out swinging | Top of the 5th over - 0 runs, 0 hits, 0 errors, 0 left on base; Nantucket 2 - Savannah 1 | BOTTOM OF THE 5TH |
---|
Savannah Hogs batting - Pitching for Nantucket Orcas : RHP Culley Booth | Batting: LHB Felipe Franco | 0-0: Ball 1-0: Ball 2-0: Foul Ball, location: 2F 2-1: Ball 3-1: Base on Balls | Batting: RHB Rick Holman | 0-0: Swinging Strike 0-1: Ball 1-1: Swinging Strike 1-2: Fly out, F9 (Flyball, 9) | Batting: RHB Júlio Contreras | 0-0: Foul Ball, location: 2F 0-1: Foul Ball, location: 2F 0-2: Ball 1-2: Strikes out swinging | Batting: RHB Guillermo González | 0-0: Fly out, F8 (Flyball, 8RS) | Bottom of the 5th over - 0 runs, 0 hits, 0 errors, 1 left on base; Nantucket 2 - Savannah 1 | TOP OF THE 6TH |
---|
Nantucket Orcas batting - Pitching for Savannah Hogs : RHP Lúcio Estrada | Batting: RHB Fernando Álvarez | 0-0: Foul Ball, location: 2F 0-1: Fly out, F7 (Flyball, 7S) | Batting: RHB Matt Dundee | 0-0: Ball 1-0: Called Strike 1-1: Foul Ball, location: 2F 1-2: Strikes out swinging | Batting: LHB Alfonso Vélez | 0-0: Foul Ball, location: 2F 0-1: Ball 1-1: SINGLE (Line Drive, 8LS) | Pitching: LHP Alan Baca | | Batting: SHB Dan Dunn | 0-0: Ground out 4-3 (Groundball, 4) | Top of the 6th over - 0 runs, 1 hit, 0 errors, 1 left on base; Nantucket 2 - Savannah 1 | BOTTOM OF THE 6TH |
---|
Savannah Hogs batting - Pitching for Nantucket Orcas : RHP Culley Booth | Batting: SHB Juan Chávez | 0-0: Called Strike 0-1: Ground out U3 (Groundball, 3) | Batting: LHB Marv Gardner | 0-0: Called Strike 0-1: SINGLE (Flyball, 9LM) | Batting: LHB António Gutiérrez | 0-0: Swinging Strike 0-1: Ball 1-1: Foul Ball, location: 2F 1-2: Foul Ball, location: 2F 1-2: Strikes out swinging | Batting: RHB Miguel Cervantes | 0-0: Called Strike 0-1: Ball 1-1: Ball 2-1: Ball 3-1: DOUBLE (Flyball, 78D) Marv Gardner to third | Batting: RHB Pedro Sandoval | 0-0: Swinging Strike 0-1: Ground out 4-3 (Groundball, 4S) | Bottom of the 6th over - 0 runs, 2 hits, 0 errors, 2 left on base; Nantucket 2 - Savannah 1 | TOP OF THE 7TH |
---|
Nantucket Orcas batting - Pitching for Savannah Hogs : LHP Alan Baca | Batting: RHB Scotty Hicks | 0-0: Ball 1-0: Foul Ball, location: 2F 1-1: Swinging Strike 1-2: Strikes out swinging | Batting: RHB Luis Cruz | 0-0: Ball 1-0: Foul Ball, location: 2F 1-1: SINGLE (Popup, 23) | Batting: RHB Charlie Pérez | 0-0: Called Strike 0-1: Ball 1-1: Swinging Strike 1-2: Strikes out swinging | Pinch Hitting: RHB César García | 0-0: Ball Luis Cruz is caught stealing 2nd base | Top of the 7th over - 0 runs, 1 hit, 0 errors, 0 left on base; Nantucket 2 - Savannah 1 | BOTTOM OF THE 7TH |
---|
Savannah Hogs batting - Pitching for Nantucket Orcas : RHP Culley Booth | Now in RF: César García | | Batting: LHB Felipe Franco | 0-0: Foul Ball, location: 2F 0-1: Swinging Strike 0-2: Ball 1-2: Strikes out swinging | Batting: RHB Rick Holman | 0-0: Ball 1-0: Foul Ball, location: 2F 1-1: Ball 2-1: Foul Ball, location: 2F 2-2: Ball 3-2: Strikes out swinging | Batting: RHB Júlio Contreras | 0-0: Fly out, F7 (Flyball, 78D) | Bottom of the 7th over - 0 runs, 0 hits, 0 errors, 0 left on base; Nantucket 2 - Savannah 1 | TOP OF THE 8TH |
---|
Nantucket Orcas batting - Pitching for Savannah Hogs : LHP Alan Baca | Batting: RHB César García | 0-0: Foul Ball, location: 2F 0-1: Called Strike 0-2: Ball 1-2: Ground out 1-3 (Groundball, P) | Batting: LHB Eugene Lee | 0-0: Foul Ball, location: 2F 0-1: Ground out U3 (Groundball, 34) | Batting: RHB Fernando Álvarez | 0-0: Called Strike 0-1: Swinging Strike 0-2: Ball 1-2: Ball 2-2: Foul Ball, location: 2F 2-2: Ball 3-2: Strikes out swinging | Top of the 8th over - 0 runs, 0 hits, 0 errors, 0 left on base; Nantucket 2 - Savannah 1 | BOTTOM OF THE 8TH |
---|
Savannah Hogs batting - Pitching for Nantucket Orcas : RHP Culley Booth | Batting: RHB Guillermo González | 0-0: Ball 1-0: Foul Ball, location: 2F 1-1: Ball 2-1: Ball 3-1: SINGLE (Groundball, 56D) | Pitching: RHP Armando Chávez | | Batting: SHB Juan Chávez | 0-0: Ball 1-0: SINGLE (Line Drive, 4MD) Guillermo González to second | Batting: LHB Marv Gardner | 0-0: Ball 1-0: Foul Ball, location: 2F 1-1: Foul Ball, location: 2F 1-2: Foul Ball, location: 2F 1-2: Ball 2-2: Ball 3-2: Foul Ball, location: 2F 3-2: Foul Ball, location: 2F 3-2: Base on Balls Guillermo González to third Juan Chávez to second | Batting: LHB António Gutiérrez | 0-0: Foul Ball, location: 2F 0-1: Fly out, F2 (Popup, 2LF) | Batting: RHB Miguel Cervantes | 0-0: Called Strike 0-1: Grounds into fielders choice 5-2 (Groundball, 5L) Juan Chávez to third Marv Gardner to second | Batting: RHB Pedro Sandoval | 0-0: Swinging Strike 0-1: Ball 1-1: Ground out 5-3 (Groundball, 56) | Bottom of the 8th over - 0 runs, 2 hits, 0 errors, 3 left on base; Nantucket 2 - Savannah 1 | TOP OF THE 9TH |
---|
Nantucket Orcas batting - Pitching for Savannah Hogs : LHP Alan Baca | Batting: RHB Matt Dundee | 0-0: Foul Ball, location: 2F 0-1: Fly out, F7 (Flyball, 7LMF) | Batting: LHB Alfonso Vélez | 0-0: Ball 1-0: Ball 2-0: Ball 3-0: Called Strike 3-1: Base on Balls | Pinch Runner at 1st Ramiro Javier: | | Batting: SHB Dan Dunn | 0-0: Foul Ball, location: 2F 0-1: Ball 1-1: Ball 2-1: Ball 3-1: Swinging Strike 3-2: Fly out, F9 (Flyball, 9S) | Batting: RHB Scotty Hicks | Pickoff Throw to First - Out! | Top of the 9th over - 0 runs, 0 hits, 0 errors, 0 left on base; Nantucket 2 - Savannah 1 | |